Unix xNetHack Version 8.0.0 - last build May 17 2023 00:52:53 (ac8c1763ca3c371cdc15686d0264009c6116f608). Game began 2023-05-19 16:21:36, ended 2023-05-20 08:00:54. joes, chaotic female orcish Rogue --------- ----- ----... ## .-..%....------ ---..<| .....%**###...--.........|---.....| |.._%.| |..|---------.|....|..-- ....*.| ---- --.....-|.-- .. ---|--- ........|- ...-+---* |%| ...|.---- -..@....- |[| --- ----- -...G...| --%---..| ...{)).| |.| -----.......| ...d..-- |.|---...........| -....------|.|-....*.---...-- ..|...|..--.|...---..|...-- --.....*..|....-|.....-- ....--..........|-..---- ..--.......G... --..... . ..--....... ------- -...... ---...- G Joes the Rogue St:15 Dx:18 Co:15 In:12 Wi:9 Ch:9 Chaotic Dlvl:7 $:19 HP:0(44) Pw:21(21) AC:2 Exp:7 T:6469 Burdened Latest messages: You have a little trouble lifting H - 3 uncursed daggers (at the ready) {30} (5 in total). You have a little trouble lifting g - 4 uncursed wooden daggers {12}. You have a little trouble lifting g - an uncursed wooden dagger {3} (5 in total). You swap places with the peaceful watchman. You hear some noises in the distance. The dog drops a rock. You hear a chugging sound. You swap places with your dog. The dog drops a rock. You see here a rock. The gnome wields a thonged club! The dog misses the watchman. The gnome swings her thonged club. The gnome misses! You jab the gnome! The watchman's pair of low boots blocks the dog's attack. You kill the gnome! You see here a thonged club. You gore the gnome. The dog picks up a thonged club. The gnome strikes at your displaced image and misses you! The dog drops a thonged club. The dog bites the gnome. The gnome is killed! You see here a thonged club. You hear a distant zap. The dog picks up a thonged club. The gnome king wields 3 daggers! In what direction? 3 You throw 2 daggers. You feel more confident in your weapon skills. The 1st dagger hits the gnome king. The 2nd dagger hits the gnome king. The gnome king thrusts one of his daggers. The gnome king impales you! What do you want to drop? You drop an uncursed sack containing 13 items {156}. The gnome king throws 2 daggers! You are hit by the 1st dagger! You are hit by the 2nd dagger. In what direction? 3 The dagger hits the gnome king! The gnome king thrusts his dagger. The gnome king gores you! The gnome king thrusts his dagger. The gnome king pierces you! You die... Do you want your possessions identified? [ynq] (y) y Do you want to see your attributes? [ynq] (n) n Do you want to see your conduct and achievements? [ynq] (n) n Inventory: Inventory: 880/800 weight (42/52 slots) Coins $ - 19 gold pieces {1} Weapons V - 14 blessed +1 crossbow bolts {14} W - an uncursed +0 crossbow {50} K - 27 uncursed +0 darts {27} H - 2 uncursed +0 daggers (at the ready) {20} r - an uncursed +0 copper dagger {10} g - 5 uncursed +0 wooden daggers {15} o - an uncursed +0 elven dagger {10} b - an uncursed +0 silver elven dagger (weapon in hand) {10} Armor I - a blessed +0 dwarvish helm {40} M - an uncursed +0 dwarvish helm (being worn) {30} O - an uncursed +0 pair of dwarvish boots {50} N - an uncursed +0 pair of jumping boots (being worn) {15} m - an uncursed +0 cloak of displacement (being worn) {8} P - an uncursed +0 dwarvish cloak {10} d - an uncursed +0 mithril elven ring mail (being worn) {88} Comestibles n - 2 uncursed slime molds {10} G - an uncursed apple {2} e - an uncursed banana {2} Y - an uncursed cream pie {10} R - an uncursed food ration {20} U - 2 uncursed tripe rations {20} z - 2 uncursed eggs {2} p - 4 uncursed lichen corpses {80} Scrolls j - an uncursed scroll of enchant armor {5} i - an uncursed scroll of identify {5} Potions B - a cursed potion of gain energy {20} T - an uncursed potion of healing {20} Rings C - an uncursed -1 ring of increase accuracy {3} L - an uncursed ring of invisibility {3} c - an uncursed ring of slow digestion {3} Wands t - an uncursed wand of lightning (0:7) {7} S - an uncursed wand of magic missile (0:6) {7} E - an uncursed wand of striking (0:6) {7} Tools l - a cursed magic lamp (lit) {20} u - an uncursed +0 pick-axe {100} Q - an uncursed +0 pick-axe {100} k - an uncursed plastic skeleton key {1} h - an uncursed +0 unicorn horn {20} Gems/Stones Z - an uncursed worthless piece of blue glass {1} q - an uncursed worthless piece of red glass {1} v - 4 uncursed worthless pieces of yellow glass {4} X - an uncursed rock {10} Joes the Rogue's attributes: Background: You were a Rogue, level 7 female orc. You were chaotic, on a mission for Kos who was opposed by Issek (lawful) and Mog (neutral). You were heterosexual. You were in the Gnomish Mines, on level 7. You entered the dungeon 6469 turns ago. There was a new moon in effect when your adventure ended. You had 708 experience points, 572 more were needed to attain level 8. Basics: You had 0 out of 44 hit points. You had all 21 energy points (spell power). Your armor class was 2. Your wallet contained 19 zorkmids. Autopickup was on for '$?!/' plus thrown. Final Characteristics: Your strength was 15 (limit:18/50). Your dexterity was 18 (limit:18). Your constitution was 15 (limit:18). Your intelligence was 12 (limit:16). Your wisdom was 9 (limit:16). Your charisma was 9 (limit:16). Final Status: You were not hungry. You were burdened; movement was slightly slowed. You were wielding a dagger. You were skilled in dagger and could have enhanced that. Final Attributes: You were piously aligned. You were poison resistant. You were telepathic. You had infravision. You were displaced. You were stealthy. You could jump. You were guarded. You are dead. Miscellaneous: You never encountered a bones level. Total elapsed playing time was 3 hours, 10 minutes and 50 seconds. Major events: Turn 1: joes the chaotic female orcish Rogue entered the dungeon 1411: attained the rank of Cutpurse (level 3) 1958: entered the Gnomish Mines 4486: entered Sokoban 4800: attained the rank of Rogue (level 6) 6342: reached Mine Town 6469: killed by a gnome king Vanquished creatures: a gray unicorn a dust vortex an ape 3 killer bees a Mordor orc a yellow light a gnomish wizard 7 dwarves a leprechaun a bugbear 3 rock piercers a rothe a pony 5 gnome leaders a monkey 3 floating eyes a hobgoblin 2 cave spiders 21 gnomes 4 orc zombies 2 dwarf zombies a wererat an iguana 3 coyotes 3 gas spores 3 hobbits 3 giant rats 2 yellow molds a green mold 2 red molds 2 shriekers a gnome zombie a gecko 2 jackals a fox a kobold 4 goblins 3 sewer rats 7 grid bugs 6 lichens 6 newts 115 creatures vanquished. No species were genocided or became extinct. Voluntary challenges: You read items or engraved 14 times. You never genocided any monsters. You never polymorphed an object. You never changed form. You never touched an artifact. You used no wishes. You were celibate. You never generated conflict. You did not violate any of the special Sokoban rules. Achievements: You entered a shop. You attained the rank of Cutpurse. You entered the Gnomish Mines. You entered Sokoban. You attained the rank of Rogue. You entered Minetown. You entered a temple. Dungeon overview: The Dungeons of Doom: levels 1 to 9 Level 1: "vault, ghost" Level 2: A tree. Level 3: A scroll shop, a fountain. Level 4: An altar to Kos, a fountain. Stairs down to The Gnomish Mines. Level 5: "stash" Level 6: "polearm, vault, stuff" Some shops, a fountain. Level 7: Many fountains. Oracle of Delphi. Level 8: A fountain. Stairs up to Sokoban, level 7. Level 9: The Gnomish Mines: levels 5 to 7 Level 5: Level 6: Level 7: <- You were here. A temple, a fountain. Final resting place for you, killed by a gnome king. Sokoban: Level 7: "yeti" Unsolved. Game over: __________ / \ / REST \ / IN \ / PEACE \ / \ | joes | | 19 Au | | killed by a | | gnome king | | | | | | 2023 | *| * * * | * _________)/\\_//(\/(/\)/\//\/|_)_______ Goodbye joes the Rogue... You died in The Gnomish Mines on dungeon level 7 with 3260 points, and 19 pieces of gold, after 6469 moves. You were level 7 with a maximum of 44 hit points when you died.